 Dungeon Crawl Stone Soup version 0.23.2-1-ga50397a6bc (webtiles) character file.

Game seed: 13332070061294679451

5054 Menchi the Fighter (level 10, -8/100 HPs)
             Began as a Minotaur Gladiator on May 13, 2019.
             Was an Initiate of Gozag.
             Mangled by a two-headed ogre
             ... wielding a +0 giant spiked club
              (12 damage)
             ... on level 9 of the Dungeon.
             The game lasted 00:16:24 (7184 turns).

Menchi the Fighter (Minotaur Gladiator)             Turns: 7184, Time: 00:16:25

Health: -8/100     AC: 12    Str: 21    XL:     10   Next: 31%
Magic:  9/9        EV: 18    Int:  5    God:    Gozag
Gold:   1493       SH:  0    Dex: 18    Spells: 9/9 levels left

rFire    . . .     SeeInvis +   C - +2 whip "Ogreslayer" {slash, +Rage}
rCold    x . .     Gourm    .   (no shield)
rNeg     . . .     Faith    .   w - +1 ring mail of Altruism {rC- Dex+5} (curse)
rPois    .         Spirit   .   c - +1 hat
rElec    .         Reflect  .   (no cloak)
rCorr    .         Harm     .   (no gloves)
MR       .....                  s - +2 pair of boots
Stlth    +.........             b - amulet of regeneration
HPRegen  0.66/turn              H - ring of see invisible
MPRegen  0.11/turn              (no ring)

@: no status effects
A: retaliatory headbutt, horns 2
a: Potion Petition, Call Merchant, Bribe Branch, Renounce Religion, Evoke
Berserk Rage


You were on level 9 of the Dungeon.
You worshipped Gozag.
Gozag was most pleased with you.
You were not hungry.

You visited 1 branch of the dungeon, and saw 9 of its levels.
You also visited: Ossuary.

You collected 1597 gold pieces.
You spent 84 gold pieces at shops.
You paid 20 gold pieces to Gozag.

Inventory:

Hand Weapons
 C - the +2 whip "Ogreslayer" (weapon) {slash, +Rage}
   (You found it on level 8 of the Dungeon)

   It inflicts extra damage upon your enemies.
   It lets you go berserk.
Missiles
 d - 5 throwing nets (quivered)
Armour
 c - a +1 hat (worn)
 s - a +2 pair of boots (worn)
 w - the cursed +1 ring mail of Altruism (worn) {rC- Dex+5}
   (You found it on level 6 of the Dungeon)

   It affects your dexterity (+5).
   It makes you vulnerable to cold.
   It has a curse placed upon it.
Jewellery
 b - an amulet of regeneration (around neck)
 r - an uncursed amulet of guardian spirit
 H - a ring of see invisible (left hand)
Wands
 l - a wand of iceblast (9)
 q - a wand of enslavement (3)
Scrolls
 a - 8 scrolls of amnesia
 e - 9 scrolls of identify
 h - 6 scrolls of remove curse
 j - 3 scrolls of enchant weapon
 m - 2 scrolls of magic mapping
 o - 3 scrolls of blinking
 p - 4 scrolls of teleportation
 t - 2 scrolls of noise {unknown}
 v - a scroll of fog {unknown}
 y - a scroll of fear
 B - a scroll of immolation
 I - a scroll of summoning {unknown}
Potions
 g - 2 potions of cancellation
 i - 3 potions of haste
 k - 3 potions of heal wounds
 n - 5 potions of curing
 u - a potion of resistance {unknown}
 x - 2 potions of agility
 z - a potion of might {unknown}
 A - a potion of berserk rage {unknown}
 D - a potion of mutation {unknown}
 E - a potion of ambrosia {unknown}
 F - 2 potions of degeneration {unknown}
 G - 4 potions of brilliance {unknown}
Comestibles
 f - 14 rations


   Skills:
 * Level 12.7 Fighting
   Level 3.6 Polearms
 - Level 2.0 Throwing
 + Level 9.1 Armour
 + Level 9.1 Dodging


You had 9 spell levels left.
You didn't know any spells.
Your spell library contained the following spells:

 Spells                   Type           Power        Failure   Level  Hunger
 Sandblast                Erth           #.....       63%         1    ##.....
 Passwall                 Tmut/Erth      #.......     77%         2    ###....
 Stone Arrow              Conj/Erth      #.....       94%         3    ####...
 Petrify                  Tmut/Erth      #.......     100%        4    #####..
 Lee's Rapid Deconstruct  Erth           #.........   100%        5    ######.


Dungeon Overview and Level Annotations

Branches:
Dungeon (9/15)             Temple (0/1) D:5
   Lair: D:8-11         Orc: D:9-12

Altars:
Ashenzari
Elyvilon
Fedhas
Gozag
Qazlal
Ru
Wu Jian
Zin

Shops:
D:2 *   D:5 *

Annotations:
D:6 2 transporters


Innate Abilities, Weirdness & Mutations

You reflexively headbutt those who attack you in melee.
You have a pair of horns on your head.


Message History

The two-headed ogre misses you.
You hit the two-headed ogre but do no damage.
The two-headed ogre is severely wounded.
The crimson imp closely misses you. You furiously retaliate!
You headbutt the crimson imp!
The two-headed ogre hits you with a +0 giant spiked club!!
* * * LOW HITPOINT WARNING * * *
The two-headed ogre hits you with a cursed -1 giant club!
* * * LOW HITPOINT WARNING * * *
You hit the two-headed ogre. You headbutt the two-headed ogre.
The two-headed ogre is severely wounded.
The crimson imp barely misses you. You furiously retaliate!
You headbutt the crimson imp, but do no damage.
You whack the two-headed ogre!
The two-headed ogre is almost dead.
The crimson imp hits you.
* * * LOW HITPOINT WARNING * * *
The two-headed ogre hits you with a +0 giant spiked club!
You die...
Your body crumbles into a pile of gold.

..............# ..
..............###$..###.
........................
........................
###.....................
# #.....................
###.....................
........###....$5$......
........# #.....@O......
........###.............
...............###......
...............# ......
...............###......
...###...............[..
...# #.................#
...###................##
.....................


You could see a two-headed ogre and a crimson imp.

Vanquished Creatures
  Harold (D:7)
  Grinder (D:3)
  3 hippogriffs
  A wraith (Ossuary)
  Eustachio (D:5)
  Menkaure (D:5)
  3 orc warriors
  2 sky beasts
  4 ice beasts
  4 ogres
  2 centaurs
  An elf zombie (Ossuary)
  6 bullfrogs
  A scorpion (D:5)
  A howler monkey (D:5)
  3 crimson imps
  2 centaur zombies
  5 hounds
  Crazy Yiuf (D:3)
  2 jellies (D:6)
  2 orc priests
  2 centaur skeletons
  A human zombie (Ossuary)
  4 orc wizards
  A bullfrog skeleton (D:9)
  An iguana (D:8)
  5 worker ants
  A big kobold zombie (Ossuary)
  3 mummies (Ossuary)
  9 gnolls
  15 adders
  A howler monkey skeleton (D:6)
  2 shadow imps
  An adder zombie (D:5)
  An adder skeleton (D:9)
  4 worms
  4 leopard geckos
  29 orcs
  5 giant cockroaches
  4 goblins
  11 hobgoblins
  4 jackals (D:6)
  4 kobolds
  3 quokkas
  A ball python (D:3)
  7 bats
  6 frilled lizards
  A gnoll zombie (Ossuary)
  2 goblin zombies (Ossuary)
  4 hobgoblin zombies (Ossuary)
  2 kobold zombies (Ossuary)
  A leopard gecko zombie (D:6)
  An orc zombie (Ossuary)
  2 quokka zombies
  6 rats
195 creatures vanquished.

Vanquished Creatures (collateral kills)
  2 orc wizards (D:9)
  An orc (D:9)
3 creatures vanquished.

Grand Total: 198 creatures vanquished

Notes
Turn   | Place    | Note
-------+----------+-------------------------------------------
     0 | D:1      | Menchi the Minotaur Gladiator began the quest for the Orb.
     0 | D:1      | Reached XP level 1. HP: 18/18 MP: 0/0
   204 | D:1      | Reached skill level 3 in Fighting
   204 | D:1      | Reached XP level 2. HP: 22/26 MP: 1/1
   371 | D:1      | Reached skill level 1 in Armour
   707 | D:2      | Found a shattered altar of Ashenzari.
   718 | D:2      | Reached XP level 3. HP: 31/31 MP: 2/2
  1013 | D:2      | Found Gozag's Platinum Reserve.
  1015 | D:2      | Found an opulent altar of Gozag.
  1033 | D:2      | Became a worshipper of Gozag Ym Sagoz the Greedy
  1856 | D:2      | Reached skill level 4 in Fighting
  2166 | D:3      | Reached XP level 4. HP: 38/40 MP: 3/3
  2509 | D:3      | Found an ornate altar of the Wu Jian Council.
  2556 | D:3      | Noticed Grinder
  2556 | D:3      | Paralysed by Grinder for 2 turns
  2570 | D:3      | Paralysed by Grinder for 5 turns
  2581 | D:3      | Paralysed by Grinder for 2 turns
  2587 | D:3      | Killed Grinder
  2587 | D:3      | Reached skill level 5 in Fighting
  2587 | D:3      | Reached XP level 5. HP: 5/50 MP: 1/4
  2587 | D:3      | Reached XP level 6. HP: 5/57 MP: 1/5
  2972 | D:3      | Found a runed translucent door.
  2973 | D:3      | Noticed Crazy Yiuf
  2982 | D:3      | Killed Crazy Yiuf
  2982 | D:3      | Reached skill level 6 in Fighting
  3174 | D:4      | Reached skill level 5 in Dodging
  3536 | D:4      | Found a blossoming altar of Fedhas.
  3781 | D:5      | Entered Level 5 of the Dungeon
  3821 | D:5      | Reached XP level 7. HP: 63/64 MP: 6/6
  4095 | D:5      | Found a glowing silver altar of Zin.
  4097 | D:5      | Found a stormy altar of Qazlal.
  4101 | D:5      | Reached skill level 7 in Fighting
  4136 | D:5      | Found a staircase to the Ecumenical Temple.
  4218 | D:5      | Found a sacrificial altar of Ru.
  4265 | D:5      | Found Ykurghur's General Store.
  4274 | D:5      | Bought a ration for 60 gold pieces
  4274 | D:5      | Bought a scroll of identify for 24 gold pieces
  4354 | D:5      | Noticed Eustachio
  4363 | D:5      | Killed Eustachio
  4580 | D:5      | Noticed Menkaure
  4585 | D:5      | Killed Menkaure
  4585 | D:5      | Reached skill level 8 in Fighting
  4585 | D:5      | Reached skill level 5 in Armour
  4746 | D:5      | Reached XP level 8. HP: 10/74 MP: 7/7
  4830 | D:6      | Found a transporter.
  4953 | D:6      | Found a white marble altar of Elyvilon.
  4984 | D:6      | Reached skill level 9 in Fighting
  5012 | D:6      | Found a transporter.
  5135 | D:6      | Got an ichor-stained ring mail
  5146 | D:6      | Identified the cursed +1 ring mail of Altruism {rC- Dex+5}
                  | (You found it on level 6 of the Dungeon)
  5378 | D:7      | Noticed a hippogriff
  5384 | D:7      | Killed a hippogriff
  5384 | D:7      | Reached skill level 10 in Fighting
  5419 | D:7      | Reached XP level 9. HP: 81/85 MP: 8/8
  5459 | D:7      | Noticed Harold
  5481 | D:7      | Killed Harold
  5481 | D:7      | Reached skill level 11 in Fighting
  6183 | D:8      | Reached skill level 12 in Fighting
  6187 | D:8      | Got a pitted whip
  6188 | D:8      | Identified the +2 whip "Ogreslayer" {slash, +Rage} (You
                  | found it on level 8 of the Dungeon)
  6203 | D:8      | Reached XP level 10. HP: 57/97 MP: 9/9
  6516 | D:8      | Found a sand-covered staircase.
  6534 | Ossuary  | Entered an ossuary
  7162 | D:9      | Noticed a two-headed ogre
  7182 | D:9      | HP: 5/100 [two-headed ogre/+0 giant spiked club (17)]
  7184 | D:9      | Mangled by a two-headed ogre

Skill      XL: |  1  2  3  4  5  6  7  8  9 10 |
---------------+-------------------------------+-----
Fighting       | 3 4 5 6 8 10 12 | 12.7
Armour         | 1 2 3 4 5 6 8 9 |  9.1
Dodging        | 4 5 6 7 8 9 |  9.1
Polearms       | |  3.6
Throwing       | |  2.0

Action                   |  1- 3 |  4- 6 |  7- 9 | 10-12 || total
-------------------------+-------+-------+-------+-------++-------
Melee: Trident           |   115 |    66 |       |       ||   181
       Headbutt          |    14 |     9 |    44 |    39 ||   106
       Long sword        |       |    22 |   176 |       ||   198
       Whip              |       |       |    12 |   149 ||   161
Throw: Throwing net      |       |       |     1 |       ||     1
Evoke: Wand              |       |       |     2 |     2 ||     4
  Use: Scroll            |     4 |     9 |     2 |       ||    15
       Potion            |       |     3 |     4 |       ||     7
 Stab: Sleeping          |     1 |       |       |       ||     1
       Distracted        |       |     1 |     2 |     3 ||     6
  Eat: Ration            |     2 |     1 |     2 |     1 ||     6
Armor: Leather armour    |    17 |     7 |    36 |       ||    60
       Ring mail         |       |       |    48 |    45 ||    93
Dodge: Dodged            |    49 |    41 |   136 |   140 ||   366
       Rpst.: Long sword |       |     5 |    32 |       ||    37
